 Dungeon Crawl Stone Soup version 0.26-a0-415-g2a96157 (webtiles) character file.

Game seed: 9770700363291302988

18 Illumine the Chucker (level 2, 0/31 HPs)
             Began as an Ogre Hunter on July 25, 2020.
             Slain by an adder (4 damage)
             ... on level 1 of the Dungeon.
             The game lasted 00:02:33 (1376 turns).

Illumine the Chucker (Ogre Hunter)                  Turns: 1376, Time: 00:02:34

Health: 0/31       AC:  3    Str: 15    XL:     2   Next: 70%
Magic:  2/2        EV: 10    Int: 12    God:
Gold:   111        SH:  0    Dex:  9    Spells: 1/1 levels left

rFire    . . .     SeeInvis .   b - +0 hunting sling
rCold    . . .     Faith    .   (no shield)
rNeg     . . .     Spirit   .   i - +0 robe
rPois    .         Reflect  .   (helmet restricted)
rElec    .         Harm     .   (no cloak)
rCorr    .                      (gloves unavailable)
MR       .....                  (boots unavailable)
Stlth    +.........             k - amulet of inaccuracy (curse)
HPRegen  0.10/turn              n - ring of flight
MPRegen  0.08/turn              (no ring)

@: lethally poisoned (0 -> -13)
A: large, unfitting armour, tough skin 1
a: Evoke Flight


You were on level 1 of the Dungeon.
You visited 1 branch of the dungeon, and saw 2 of its levels.

You collected 111 gold pieces.

Inventory:

Hand Weapons
 a - a +0 club
 b - a +0 hunting sling (weapon)
 f - a +0 short sword
Missiles
 c - 5 large rocks (quivered)
 d - 2 throwing nets
 j - 17 stones
 l - 3 boomerangs
 o - 53 sling bullets
Armour
 i - a +0 robe (worn)
Jewellery
 k - a cursed amulet of inaccuracy (around neck)
 n - a ring of flight (left hand)
Scrolls
 g - 5 scrolls of identify
 m - 2 scrolls of random uselessness {unknown}
Potions
 e - a potion of heal wounds {unknown}
 h - 2 potions of curing


   Skills:
 - Level 3.0 Fighting
 * Level 1.0 Maces & Flails
 + Level 4.2 Throwing
 - Level 2.0 Dodging
 - Level 0.6 Stealth


You had one spell level left.
You didn't know any spells.
Your spell library was empty.

Dungeon Overview and Level Annotations

Branches:
Dungeon (2/15)

Altars:


Innate Abilities, Weirdness & Mutations

You are too large for most types of armour.
You have tough skin. (AC +1)


Message History

You feel very sick. The adder bites you. x2
You are lethally poisoned!
The adder poisons you!
There is a stone staircase leading down, spattered with blood here.
Throwing (i - inventory. (/) - cycle)
c - 7 large rocks (quivered)
Press: ? - help, Shift-Dir - straight line, f/p - adder
Aim: an adder You throw a large rock.
The large rock misses the adder.
You feel sick. The adder closely misses you. The adder bites you.
There is a stone staircase leading down, spattered with blood here.
Throwing (i - inventory. (/) - cycle)
c - 6 large rocks (quivered)
Press: ? - help, Shift-Dir - straight line, f/p - adder
Aim: an adder You throw a large rock.
The large rock misses the adder.
* * * LOW HITPOINT WARNING * * *
You feel sick. The adder bites you.
* * * LOW HITPOINT WARNING * * *
The adder bites you.
You die...

.#.##.#.# #.##.#
#....♣♣.......
##.##.#.#####.##(#
####..♣.......
...##.#.......##.#
##.........
#####.##########.#
##......♣.
...............#.#
##....♣⌠♣
##.#########.#...#
######## .#.#
#.##..# .#.#
####.##.S# ##.#
#.......@# ...#
#.##.#####
#########.##.#
#.......##.#
#.########.# #.#
#....)# #.#
#.##### #.####.#
#......#


You could see an adder.

Vanquished Creatures
  A dart slug (D:1)
  2 leopard geckos (D:1)
  2 giant cockroaches (D:1)
  2 goblins (D:1)
  A hobgoblin (D:1)
  3 bats (D:1)
  4 frilled lizards (D:1)
  A rat (D:1)
16 creatures vanquished.

Notes
Turn   | Place    | Note
-------+----------+-------------------------------------------
     0 | D:1      | Illumine the Ogre Hunter began the quest for the Orb.
     0 | D:1      | Reached XP level 1. HP: 22/22 MP: 1/1
   151 | D:1      | Reached XP level 2. HP: 8/31 MP: 2/2
   902 | D:1      | Reached skill level 1 in Maces & Flails
  1376 | D:1      | Slain by an adder

Illustrated notes

Levels and vault maps discovered:
D:1:      psy_arrival_basics, layout_basic, kennysheep_decorative_pillar
D:2:      layout_basic, vehumet_crystals, chequers_serial_rivers_micro_c,
          grunt_ministairs_2

Skill      XL: |  1  2 |
---------------+-------+-----
Fighting       | 3 |  3.0
Dodging        | 2 |  2.0
Maces & Flails | 1 |  1.0
Throwing       | |  4.2
Stealth        | |  0.6

Action                   || total
-------------------------++-------
Melee: Short sword       ||    23
       Club              ||    52
 Fire: Hunting sling     ||     8
Throw: Large rock        ||    10
  Use: Scroll            ||     3
Armor: Robe              ||    35
Dodge: Dodged            ||    77

Table legend: (Time is in decaauts)
 A = Elapsed time spent in this place.
 B = Non-inter-level travel time spent in this place.
 C = Inter-level travel time spent in this place.
 D = Time resting spent in this place.
 E = Time spent auto-exploring this place.
 F = Levels seen in this place.
 G = Mean time per level.
                   A        B        C        D        E       F      G
               +--------+--------+--------+--------+--------+-----+--------+
         Total |   1396 |   1294 |    102 |    387 |    657 |   2 |  698.0 |
       Dungeon |   1396 |   1294 |    102 |    387 |    657 |   2 |  698.0 |
               +--------+--------+--------+--------+--------+-----+--------+

Top non-repeatable levels by time:
     D:1: 1373 daAuts
     D:2: 23 daAuts
